 Dungeon Crawl Stone Soup version 0.20.1-1-g8b1a95d66d (webtiles) character file.

8586 MoleUK the Geomancer (level 11, -8/60 HPs)
             Began as a Gargoyle Earth Elementalist on Dec 1, 2017.
             Was a Follower of Vehumet.
             Mangled by a torpor snail (17 damage)
             ... on level 2 of the Lair of Beasts.
             The game lasted 01:42:51 (12445 turns).

MoleUK the Geomancer (Gargoyle Earth Elementalist) Turns: 12445, Time: 01:42:52

Health: -8/60      AC: 21    Str: 12    XL:     11   Next: 33%
Magic:  1/23       EV: 13    Int: 19    God:    Vehumet [*.....]
Gold:   409        SH:  0    Dex: 10    Spells: 15/27 levels left

rFire    . . .     SeeInvis .   F - +1 flail (protect)
rCold    . . .     Gourm    .   (no shield)
rNeg     + . .     Faith    .   c - +0 robe
rPois    ∞         Spirit   .   (no helmet)
rElec    +         Reflect  .   (no cloak)
rCorr    .         Harm     .   (no gloves)
MR       +....                  L - +1 pair of boots
Stlth    ++........             (no amulet)
Regen    0.2/turn               x - ring of protection from magic
MPRegen  0.2/turn               h - +3 ring of protection

@: protection aura, slowed, very slow
A: negative energy resistance 1, electricity resistance, unbreathing,
petrification resistance, rot immunity, AC +7
a: Renounce Religion


You were on level 2 of the Lair of Beasts.
You worshipped Vehumet.
Vehumet was aware of your devotion.
You were very hungry.

You visited 3 branches of the dungeon, and saw 11 of its levels.

You collected 553 gold pieces.
You spent 144 gold pieces at shops.

Inventory:

Hand Weapons
 z - a +0 lajatang
 F - a +1 flail of protection (weapon)
Missiles
 b - 251 stones (quivered)
Armour
 c - a +0 robe (worn)
 i - a +2 leather armour of poison resistance
 L - a +1 pair of boots (worn)
Jewellery
 h - a +3 ring of protection (right hand)
 m - a +3 ring of dexterity
 r - an uncursed ring of protection from fire
 u - an uncursed ring of fire
 x - a ring of protection from magic (left hand)
 E - an uncursed ring of ice
Wands
 s - a wand of polymorph (22/24)
 K - a wand of polymorph (18/24)
 O - a wand of paralysis (3/24)
Scrolls
 g - 4 scrolls of identify
 o - 2 scrolls of recharging
 w - a scroll of acquirement {unknown}
 y - 5 scrolls of remove curse
 B - a scroll of fog {unknown}
 C - a scroll of enchant weapon {unknown}
 D - a scroll of magic mapping
 P - 2 scrolls of immolation {unknown}
Potions
 a - a potion of ambrosia {unknown}
 f - a potion of magic {unknown}
 j - 7 potions of curing
 k - 3 potions of mutation
 n - 2 potions of might
 q - 2 potions of brilliance
 I - a potion of lignification {unknown}
 N - a potion of invisibility {unknown}
Books
 e - a book of Geomancy

   Spells                             Type                      Level
   a - Sandblast                      Earth                        1
   b - Passwall                       Transmutation/Earth          2
   c - Stone Arrow                    Conjuration/Earth            3
   d - Petrify                        Transmutation/Earth          4
   e - Lee's Rapid Deconstruction     Earth                        5
 l - a book of Changes

   Spells                             Type                      Level
   a - Beastly Appendage              Transmutation                1
   b - Sticks to Snakes               Transmutation                2
   c - Spider Form                    Transmutation/Poison         3
   d - Ice Form                       Ice/Transmutation            4
   e - Blade Hands                    Transmutation                5
 G - a book of Necromancy

   Spells                             Type                      Level
   a - Pain                           Necromancy                   1
   b - Animate Skeleton               Necromancy                   1
   c - Vampiric Draining              Necromancy                   3
   d - Regeneration                   Charms/Necromancy            3
   e - Animate Dead                   Necromancy                   4
   f - Control Undead                 Necromancy                   4
Comestibles
 d - 5 bread rations
 p - 5 royal jellies
 v - a meat ration
 H - 11 fruits


   Skills:
 + Level 3.8 Fighting
 + Level 3.4 Maces & Flails
 + Level 3.4 Armour
 + Level 3.2 Dodging
 - Level 2.1 Stealth
 + Level 8.6 Spellcasting
 + Level 8.9 Conjurations
 - Level 0.7 Transmutations
 + Level 1.4 Fire Magic
 + Level 11.3 Earth Magic
 + Level 3.1 Evocations


You had 15 spell levels left.
You knew the following spells:

 Your Spells              Type           Power        Failure   Level  Hunger
a - Sandblast             Erth           ######       1%          1    None
b - Passwall              Tmut/Erth      ####......   1%          2    None
c - Stone Arrow           Conj/Erth      #####.       1%          3    None
d - Lee's Rapid Deconstr  Erth           ######....   2%          5    #####..
e - Flame Tongue          Conj/Fire      ####.        1%          1    None


Dungeon Overview and Level Annotations

Branches:
Dungeon (8/15)             Temple (1/1) D:7            Lair (2/6) D:8
  Swamp: Lair:2-4    Shoals: Lair:2-4     Snake: Lair:2-4    Spider: Lair:2-4

Altars:
Ashenzari
Cheibriados
Dithmenos
Elyvilon
Fedhas
Gozag
Hepliaklqana
Kikubaaqudgha
Makhleb
Nemelex Xobeh
Okawaru
Qazlal
Ru
Sif Muna
Trog
Uskayaw
Vehumet
Xom
Yredelemnul
Zin
The Shining One

Shops:
D:4 !   D:5 !   D:6 %

Annotations:
D:7 1 runed door


Innate Abilities, Weirdness & Mutations

You are resistant to torment.
Your stone body is resilient. (AC +7)
You are immune to poison.
You resist negative energy. (rN+)
You are resistant to electric shocks. (rElec)
You can survive without breathing.
You are immune to petrification.
You are immune to rotting.


Message History

You hit the torpor snail but do no damage.
The torpor snail is heavily wounded.
The torpor snail bites you.
Casting: Stone Arrow
Confirm with . or Enter, or press ? or * to list all spells.
Aiming: Stone Arrow
Press: ? - help, Shift-Dir - straight line, f/p - torpor snail
Aim: a torpor snail (heavily wounded)
The stone arrow hits the torpor snail.
The torpor snail is severely wounded.
The torpor snail bites you but does no damage.
You hit the torpor snail.
The torpor snail is severely wounded.
The torpor snail barely misses you.
You hit the torpor snail but do no damage.
The torpor snail is severely wounded.
The torpor snail misses you. The torpor snail bites you!!
* * * LOW HITPOINT WARNING * * *
The torpor snail bites you!
You die...

*,,**** *,,,,*,*#....P....
*,,,*,####,,,****###.......
*,*,,,,...,,,* #P......
**,**,##..,*** ###.....
****##...### #.....
***###......### ####.....
*,,...........# ##..##....
**,#.........## ##.........
*,*.......@w..###P.........
***#...........##..........
#...................#...
**#...................#...
*,........................
****....................#.P.
*,*,..................P..<..
**,,..................#P....
*,,,.....................#..


You could see a torpor snail.

Vanquished Creatures
  A queen ant (D:8)
  A black mamba (Lair:2)
  A spiny frog (Lair:2)
  A komodo dragon (Lair:2)
  Grinder (D:5)
  Prince Ribbit (D:7)
  2 hippogriffs
  A wyvern (Lair:2)
  16 soldier ants (Lair:2)
  A porcupine (Lair:1)
  2 water moccasins (Lair:1)
  2 ice beasts
  5 phantoms
  6 ogres
  2 crocodiles (Lair:1)
  5 bullfrogs
  A wyvern skeleton (D:6)
  5 scorpions
  14 killer bees
  5 wights (D:8)
  A crimson imp (D:6)
  3 hounds
  A quasit (D:7)
  2 bullfrog zombies
  2 bullfrog skeletons
  3 jellies
  7 orc priests
  2 orc wizards
  17 worker ants
  A hound skeleton (D:6)
  4 worker ant zombies
  4 gnolls (D:6)
  10 adders
  A shadow imp (D:7)
  An adder zombie (D:6)
  4 dart slugs
  2 worms (D:5)
  7 leopard geckos
  26 orcs
  4 ball pythons
  7 giant cockroaches
  6 goblins
  6 hobgoblins
  6 iguanas
  2 jackals (D:4)
  4 quokkas
  4 bats
  5 frilled lizards
  A jackal skeleton (D:4)
  6 kobolds
  A leopard gecko skeleton (D:6)
  9 rats
232 creatures vanquished.

Vanquished Creatures (others)
  4 fungi (Lair:2)
  A plant (Lair:2)
5 creatures vanquished.

Grand Total: 237 creatures vanquished

Notes
Turn   | Place    | Note
-------+----------+-------------------------------------------
     0 | D:1      | MoleUK the Gargoyle Earth Elementalist began the quest for the Orb.
     0 | D:1      | Reached XP level 1. HP: 10/10 MP: 3/3
   100 | D:1      | Reached XP level 2. HP: 9/15 MP: 0/5
   291 | D:1      | Reached skill level 4 in Earth Magic
   812 | D:2      | Reached XP level 3. HP: 19/19 MP: 4/6
   853 | D:2      | Found a shimmering altar of Xom.
   876 | D:2      | Reached skill level 5 in Earth Magic
   876 | D:2      | Reached XP level 4. HP: 24/24 MP: 1/8
  1586 | D:2      | Learned a level 2 spell: Passwall
  1590 | D:2      | Learned a level 3 spell: Stone Arrow
  1646 | D:3      | Reached XP level 5. HP: 28/28 MP: 7/9
  1836 | D:3      | Reached skill level 1 in Conjurations
  2038 | D:3      | Reached XP level 6. HP: 32/32 MP: 7/11
  2100 | D:3      | Found an ancient bone altar of Kikubaaqudgha.
  2102 | D:3      | Found an iron altar of Okawaru.
  2515 | D:3      | Reached skill level 6 in Earth Magic
  2716 | D:4      | Found a blossoming altar of Fedhas.
  2883 | D:4      | Noticed a hippogriff
  2892 | D:4      | Killed a hippogriff
  2892 | D:4      | Reached XP level 7. HP: 9/36 MP: 0/13
  3061 | D:4      | Reached skill level 7 in Earth Magic
  3216 | D:4      | Found Huiho's Distillery.
  3227 | D:4      | Bought a potion of curing for 30 gold pieces
  3227 | D:4      | Bought a potion of degeneration for 10 gold pieces
  3812 | D:4      | Reached skill level 5 in Spellcasting
  3898 | D:4      | Reached XP level 8. HP: 41/41 MP: 3/15
  3991 | D:4      | Found a glowing golden altar of the Shining One.
  4144 | D:5      | Entered Level 5 of the Dungeon
  4163 | D:5      | Found Tishouron's Distillery.
  4173 | D:5      | Bought a potion of mutation for 104 gold pieces
  4331 | D:5      | Reached skill level 5 in Conjurations
  4362 | D:5      | Noticed Grinder
  4396 | D:5      | Reached skill level 8 in Earth Magic
  4923 | D:5      | Killed Grinder
  5114 | D:5      | Found an opulent altar of Gozag.
  5377 | D:6      | Found a bloodstained altar of Trog.
  5457 | D:6      | Found Gewk's Food Shoppe.
  5490 | D:6      | HP: 2/41 [killer bee (4)]
  5495 | D:6      | HP: 2/41 [hound (1)]
  5500 | D:6      | Reached XP level 9. HP: 18/45 MP: 8/18
  5505 | D:6      | Reached skill level 9 in Earth Magic
  5608 | D:6      | Learned a level 2 spell: Passwall
  6701 | D:7      | Found a staircase to the Ecumenical Temple.
  6714 | Temple   | Entered the Ecumenical Temple
  6796 | Temple   | Became a worshipper of Vehumet
  6955 | D:7      | Reached skill level 10 in Earth Magic
  7294 | D:7      | Found a runed door.
  7304 | D:7      | Noticed a sixfirhy
  7491 | D:7      | Found a shimmering altar of Xom.
  7516 | D:7      | Noticed Prince Ribbit
  7542 | D:7      | Killed Prince Ribbit
  7542 | D:7      | Reached XP level 10. HP: 36/50 MP: 3/21
  7636 | D:7      | Learned a level 5 spell: Lee's Rapid Deconstruction
  7970 | D:7      | Found a sacrificial altar of Ru.
  8698 | D:8      | Reached skill level 1 in Maces & Flails
  9042 | D:8      | Reached skill level 1 in Fighting
  9068 | D:8      | Reached skill level 1 in Evocations
  9153 | D:8      | Found a staircase to the Lair.
  9192 | D:8      | Reached skill level 1 in Armour
  9809 | Lair:1   | Entered Level 1 of the Lair of Beasts
 11450 | Lair:2   | Reached skill level 11 in Earth Magic
 11492 | Lair:2   | Reached * piety under Vehumet
 11492 | Lair:2   | Offered knowledge of Flame Tongue by Vehumet.
 11500 | Lair:2   | Learned a level 1 spell: Flame Tongue
 11627 | Lair:2   | Reached XP level 11. HP: 60/60 MP: 10/23
 11978 | Lair:2   | Reached skill level 1 in Fire Magic
 11999 | Lair:2   | Noticed a queen ant
 12192 | D:8      | Killed a queen ant
 12445 | Lair:2   | Mangled by a torpor snail

Skill      XL: |  1  2  3  4  5  6  7  8  9 10 11 |
---------------+----------------------------------+-----
Earth Magic    | 4 5 6 7 8 10 11 | 11.3
Spellcasting   | 3 4 5 6 7 8 |  8.6
Conjurations   | 2 3 4 6 8 |  8.9
Maces & Flails | 2 3 |  3.4
Fighting       | 3 |  3.8
Evocations     | 2 3 |  3.1
Dodging        | 2 3 |  3.2
Armour         | 2 3 |  3.4
Fire Magic     | 1 |  1.4
Stealth        | |  2.1
Transmutations | |  0.7

Action                   |  1- 3 |  4- 6 |  7- 9 | 10-12 || total
-------------------------+-------+-------+-------+-------++-------
Melee: Club              |     8 |     8 |       |       ||    16
       Mace              |       |       |    12 |       ||    12
       Flail             |       |       |       |    96 ||    96
 Cast: Sandblast         |    32 |    94 |    71 |    24 ||   221
       Stone Arrow       |       |     3 |   100 |   165 ||   268
Evoke: Wand              |       |       |     1 |     2 ||     3
  Use: Scroll            |       |     2 |    10 |     6 ||    18
       Potion            |       |       |     2 |       ||     2
  Eat: Chunk             |       |     6 |    18 |     9 ||    33
       Meat ration       |       |       |       |     1 ||     1
Armor: Robe              |     2 |    13 |    52 |   108 ||   175
Dodge: Dodged            |     8 |    33 |    91 |   131 ||   263
